 Seeded DCSS version 0.30-a0-385-gfebfb9b408 (webtiles) character file.

Game seed: 841343 (custom seed)

25904 McGhostyFace the Thaumaturge (level 13, -13/101 HPs)
             Began as a Gnoll Wanderer on Dec 2, 2022.
             Was an Elder of Ashenzari.
             Mangled by a +2 dire flail of chaos (20 damage)
             ... on level 2 of the Lair of Beasts on Dec 3, 2022.
             The game lasted 00:43:58 (18427 turns).

McGhostyFace the Thaumaturge (Gnoll Wanderer)      Turns: 18427, Time: 00:43:58

Health: -13/101    AC: 23    Str:  8    XL:     13   Next: 22%
Magic:  16/28      EV: 15    Int: 21    God:    Ashenzari [****..]
Gold:   1551       SH:  0    Dex: 11    Spells: 20/34 levels left

rFire   . . .      SeeInvis +    E - +6 shillelagh "Devastator" {shatter, Melee, Elem} (curse)
rCold   . . .      Faith    .    (no shield)
rNeg    . . .      Spirit   .    M - +0 acid dragon scales of the Cursed Augur {rCorr, Fort, Elem} (curse)
rPois   .          Reflect  .    W - +0 helmet of Toth-Mos's Legacy {Alch, Cun} (curse)
rElec   .          Harm     .    p - +0 cloak of Ashenzari's Discomfort {Fort, Cun} (curse)
rCorr   +          Rampage  .    d - +0 pair of gloves of Ashenzari's Gnosis {Elem, Bglg} (curse)
Will    .....      Clarity  +    V - +0 pair of boots of the Lashed Adversity {Melee, Fort} (curse)
Stlth   +++++.....               C - amulet of the acrobat
HPRegen 0.36/turn                a - ring of resist corrosion
MPRegen 0.21/turn                T - ring of wizardry

@: lethally poisoned (-13 -> -23), ice-armoured, freezing walls, slowed, very
slow
A: fangs 1, strong nose, distributed training, shaggy fur 1, evolution 1
a: Renounce Religion, Shatter the Chains


You were on level 2 of the Lair of Beasts.
You worshipped Ashenzari.
Ashenzari was greatly pleased with you.
You visited 3 branches of the dungeon, and saw 15 of its levels.

You collected 1744 gold pieces.
You spent 193 gold pieces at shops.

Inventory:

Hand Weapons
 i - a +2 short sword of venom
 E - the cursed +6 shillelagh "Devastator" (weapon) {shatter, Melee, Elem}
   (You found it on level 6 of the Dungeon)

   It releases a powerful concussive burst when it strikes, dealing extra damage
   to the target and all other creatures adjacent to them.
   It has a curse which improves the following skills: Melee Combat: Short
   Blades, Long Blades, Axes, Maces & Flails, Polearms, Staves and Unarmed
   Combat.
   Elements:  Fire Magic, Ice Magic, Air Magic and Earth Magic.
Missiles
 n - a throwing net
 s - 3 atropa-tipped darts (quivered)
 y - 19 poisoned darts
 F - 5 boomerangs
 Q - 7 silver javelins
Armour
 d - the cursed +0 pair of gloves of Ashenzari's Gnosis (worn) {Elem, Bglg}

   It has a curse which improves the following skills: Elements: Fire Magic, Ice
   Magic, Air Magic and Earth Magic.
   Beguiling: Conjurations, Hexes and Translocations.
 p - the cursed +0 cloak of Ashenzari's Discomfort (worn) {Fort, Cun}
   (You found it on level 2 of the Dungeon)

   It has a curse which improves the following skills: Fortitude: Armour and
   Shields.
   Cunning:   Dodging and Stealth.
 M - the cursed +0 acid dragon scales of the Cursed Augur (worn) {rCorr, Fort, Elem}
   (You found it on level 8 of the Dungeon)

   rCorr:     It protects you from acid and corrosion.
   It has a curse which improves the following skills: Fortitude: Armour and
   Shields.
   Elements:  Fire Magic, Ice Magic, Air Magic and Earth Magic.
 V - the cursed +0 pair of boots of the Lashed Adversity (worn) {Melee, Fort}
   (You found it on level 11 of the Dungeon)

   It has a curse which improves the following skills: Melee Combat: Short
   Blades, Long Blades, Axes, Maces & Flails, Polearms, Staves and Unarmed
   Combat.
   Fortitude: Armour and Shields.
 W - the cursed +0 helmet of Toth-Mos's Legacy (worn) {Alch, Cun}
   (You found it on level 11 of the Dungeon)

   It has a curse which improves the following skills: Alchemy: Poison Magic and
   Transmutations.
   Cunning:   Dodging and Stealth.
Jewellery
 a - a ring of resist corrosion (left hand)
 C - an amulet of the acrobat (around neck)
 T - a ring of wizardry (right hand)
 X - a ring of magical power
 Z - a ring of wizardry
Wands
 w - a wand of iceblast (45)
 D - a wand of flame (32)
 H - a wand of digging (12)
 I - a wand of acid (20)
 K - a wand of mindburst (33)
 N - a wand of polymorph (13)
 O - a wand of charming (21)
Scrolls
 e - 5 scrolls of magic mapping
 f - 9 scrolls of teleportation
 j - 3 scrolls of torment
 k - 3 scrolls of amnesia
 m - 15 scrolls of identify
 q - 3 scrolls of fear
 v - 4 scrolls of vulnerability
 x - 2 scrolls of blinking
 S - 2 scrolls of enchant weapon
 U - 8 scrolls of fog
Potions
 b - a potion of magic
 c - 2 potions of heal wounds
 g - 4 potions of attraction
 l - 7 potions of curing
 o - 3 potions of might
 r - 3 potions of lignification
 t - 4 potions of haste
 A - 2 potions of ambrosia
 G - a potion of degeneration
 J - 3 potions of cancellation
 L - 3 potions of mutation
 P - a potion of invisibility
 Y - 3 potions of brilliance
Miscellaneous
 R - a condenser vane


   Skills:
 + Level 9.6 Fighting
 + Level 8.4(11.4) Short Blades
 + Level 8.4(11.4) Long Blades
 + Level 8.4(11.4) Axes
 + Level 8.4(11.4) Maces & Flails
 + Level 8.4(11.4) Polearms
 + Level 8.4(11.4) Staves
 + Level 8.4 Ranged Weapons
 + Level 8.4 Throwing
 + Level 8.4(12.3) Armour
 + Level 8.4(11.4) Dodging
 + Level 9.4(12.4) Stealth
 + Level 8.4(12.3) Shields
 + Level 8.4(11.4) Unarmed Combat
 + Level 11.0 Spellcasting
 + Level 7.0(9.0) Conjurations
 + Level 7.0(9.0) Hexes
 + Level 7.0 Summonings
 + Level 7.0 Necromancy
 + Level 7.0(9.0) Translocations
 + Level 8.0(10.0) Transmutations
 + Level 7.0(10.9) Fire Magic
 + Level 7.3(11.2) Ice Magic
 + Level 7.0(10.9) Air Magic
 + Level 7.0(10.9) Earth Magic
 + Level 7.0(9.0) Poison Magic
 + Level 9.2 Invocations
 + Level 8.4 Evocations


You had 20 spell levels left.
You knew the following spells:

 Your Spells              Type           Power      Damage    Failure   Level
a - Freeze                Ice            100%       1d10      1%          1
b - Ozocubu's Armour      Ice            56%        N/A       1%          3
c - Frozen Ramparts       Ice            100%       1d16      1%          3
d - Mephitic Cloud        Conj/Pois/Air  51%        N/A       1%          3
e - Sticky Flame          Conj/Fire      52%        2d7       1%          4

Your spell library contained the following spells:

 Spells                   Type           Power      Damage    Failure   Level
 Beastly Appendage        Tmut           100%       N/A       1%          1
 Shock                    Conj/Air       100%       1d9       1%          1
 Cigotuvi's Dreadful Rot  Necr/Pois/Air  98%        N/A       1%          2
 Poisonous Vapours        Pois/Air       100%       N/A       1%          2
 Inner Flame              Hex/Fire       52%        N/A       1%          3
 Portal Projectile        Hex/Tloc       98%        N/A       1%          3
 Spider Form              Tmut/Pois      51%        N/A       1%          3
 Summon Guardian Golem    Hex/Summ       45%        N/A       1%          3
 Swiftness                Air            55%        N/A       1%          3
 Tukima's Dance           Hex            49%        N/A       1%          3
 Airstrike                Air            27%        2d(4-20)  1%          4
 Flame Wave               Conj/Fire      52%        2d13      1%          4
 Ice Form                 Ice/Tmut       54%        N/A       1%          4
 Petrify                  Tmut/Erth      54%        N/A       1%          4
 Summon Ice Beast         Ice/Summ       50%        N/A       1%          4
 Blade Hands              Tmut           26%        N/A       1%          5
 Metabolic Englaciation   Hex/Ice        26%        N/A       1%          5
 Simulacrum               Ice/Necr       25%        N/A       13%         6
 Orb of Destruction       Conj           24%        9d9       56%         7
 Spellforged Servitor     Conj/Summ      22%        N/A       69%         7


Dungeon Overview and Level Annotations

Branches:
Dungeon (12/15)            Temple (1/1) D:7            Lair (2/5) D:8
 Shoals (0/4) Lair:2       Spider (0/4) Lair:2          Orc (0/2) D:9

Altars:
Ashenzari
Cheibriados
Dithmenos
Elyvilon
Fedhas
Gozag
Hepliaklqana
Kikubaaqudgha
Makhleb
Nemelex Xobeh
Okawaru
Qazlal
Ru
Sif Muna
Trog
Uskayaw
Vehumet
Wu Jian
Xom
Yredelemnul
Zin
The Shining One

Shops:
D:5 *   D:6 (   D:8 !   D:11 (

Portals:
Trove: D:11 (give horn of Geryon)

Annotations:
Lair:2 Etsiony's ghost, novice TrTm


Innate Abilities, Weirdness & Mutations

You have very sharp teeth.
Your uncanny sense of smell can sniff out nearby items.
Your experience applies equally to all skills.
You are covered in fur. (AC +1)
You have hidden genetic potential.


Message History

The sticky flame hits the +2 dire flail of chaos but does no damage.
The +2 dire flail of chaos is covered in liquid flames!
You feel sick.
Etsiony's ghost resists.
The wall freezes Etsiony's ghost.
The +2 dire flail of chaos completely resists.
The wall freezes the +2 dire flail of chaos but does no damage.
The +2 dire flail of chaos hits you!
You hit the +2 dire flail of chaos.
The +2 dire flail of chaos shudders.
Your punch misses the +2 dire flail of chaos.
The +2 dire flail of chaos is lightly damaged.
You feel sick.
The wall freezes the +2 dire flail of chaos but does no damage.
The +2 dire flail of chaos hits you.
You are more poisoned.
The wall freezes Etsiony's ghost but does no damage.
You hit the +2 dire flail of chaos but do no damage.
The +2 dire flail of chaos is lightly damaged.
You feel very sick.
The wall freezes the +2 dire flail of chaos but does no damage.
The +2 dire flail of chaos hits you!
You feel yourself slow down.
Etsiony's ghost resists.
The wall freezes Etsiony's ghost.
The wall freezes the +2 dire flail of chaos but does no damage.
The +2 dire flail of chaos barely misses you.
Casting: Sticky Flame (mildly dangerous; 1% risk of failure)
Confirm with . or Enter, or press ? or * to list all spells.
Aiming: Sticky Flame (mildly dangerous; 1% risk of failure)
Press: ? - help, Shift-Dir - straight line, f/p - +2 dire flail of chaos
Aim: a +2 dire flail of chaos (covered in liquid flames)
The sticky flame hits the +2 dire flail of chaos.
The +2 dire flail of chaos completely resists.
The +2 dire flail of chaos is covered in liquid flames!
You feel very sick.
The wall freezes the +2 dire flail of chaos but does no damage.
The +2 dire flail of chaos closely misses you.
Etsiony's ghost resists.
The wall freezes Etsiony's ghost.
The +2 dire flail of chaos completely resists.
The wall freezes the +2 dire flail of chaos but does no damage.
The +2 dire flail of chaos hits you!!
* * * LOW HITPOINT WARNING * * *
You are electrocuted!!
You die...

..###..### #.#.###.###........#
.###..### ##..###.P##..##...##
.###....# ##......#..####..#.
..#.P..### ##..#.....#####..#.
........P# #.......(##........
P.#......# #.#........#......>
#.##....## #..#####......##.##
#.#....#.### ##..#$###..#.#######
.#.........###..@(W.#.<..#######.
..........^......#$##............
#................####...#.P......
##..............##...##..####..##
#..#............##....#### ####
........................####
...>...............#....##.#####
................##..#..........#
........................###....#


You could see a +2 dire flail of chaos (burning) and Etsiony's ghost.

Vanquished Creatures
  A minotaur (Lair:2)
  A centaur warrior (D:10)
  A boulder beetle (D:12)
  5 two-headed ogres
  2 ugly things
  A manticore (D:12)
  A black mamba (Lair:1)
  A guardian serpent (D:11)
  A gargoyle (D:11)
  2 rime drakes (Lair:2)
  A komodo dragon (Lair:1)
  4 cane toads
  An unseen horror (D:12)
  5 kobold demonologists (D:12)
  A tengu conjurer (D:10)
  5 trolls
  2 polar bears
  A tarantella (Lair:2)
  14 blink frogs
  3 wyverns
  A vampire (D:10)
  6 wraiths
  20 yaks
  Eustachio (D:4)
  5 basilisks
  A steam dragon (D:3)
  4 vampire mosquitoes
  4 wargs (D:9)
  Menkaure (D:6)
  An acid dragon (D:8)
  5 water moccasins
  2 orc warriors
  2 black bears
  A hornet zombie (D:6)
  2 ice beasts (D:6)
  5 wolves
  2 centaurs
  3 kobold brigands (D:12)
  A necrophage (D:7)
  9 bullfrogs
  A gnoll sergeant (D:11)
  A water moccasin zombie (D:6)
  4 wights (D:9)
  5 killer bees (D:8)
  6 electric eels
  A centaur zombie (D:6)
  2 bullfrog zombies (D:6)
  7 hounds
  2 jellies (D:6)
  5 orc priests
  A centaur skeleton (D:6)
  A gnoll bouda (D:5)
  3 bullfrog skeletons (D:6)
  5 iguanas
  4 orc wizards
  A killer bee zombie (D:6)
  10 gnolls
  8 adders
  A white imp (D:6)
  2 ufetubi (D:6)
  3 worms
  3 dart slugs
  22 orcs
  5 ball pythons
  6 endoplasms
  2 giant cockroaches (D:1)
  11 goblins
  5 hobgoblins
  13 jackals
  3 quokkas
  6 bats
  5 frilled lizards
  20 kobolds
  14 rats
317 creatures vanquished.

Vanquished Creatures (others)
  An electric eel (Lair:1)
  9 fungi
  22 plants
  2 withered plants (D:6)
34 creatures vanquished.

Grand Total: 351 creatures vanquished

Notes
Turn   | Place    | Note
-------+----------+-------------------------------------------
     0 | D:1      | McGhostyFace the Gnoll Wanderer began the quest for the
                  | Orb.
     0 | D:1      | McGhostyFace set off with the following items: a +0 dagger,
                  | a potion of berserk rage, a +0 robe, a +0 pair of gloves;
                  | and the following spells available to memorise: Beastly
                  | Appendage, Freeze, Ozocubu's Armour, Spider Form, Petrify.
     0 | D:1      | Reached XP level 1. HP: 20/20 MP: 8/8
    69 | D:1      | HP: 1/20 [kobold/+0 whip (3)]
   255 | D:1      | Learned a level 1 spell: Freeze
   361 | D:1      | Reached XP level 2. HP: 18/26 MP: 8/10
   673 | D:1      | Reached XP level 3. HP: 31/31 MP: 11/11
  1452 | D:2      | Reached skill level 1 in Invocations
  1749 | D:2      | Learned a level 3 spell: Ozocubu's Armour
  1864 | D:2      | Reached skill level 1 in Short Blades
  1864 | D:2      | Reached skill level 1 in Long Blades
  1864 | D:2      | Reached skill level 1 in Axes
  1864 | D:2      | Reached skill level 1 in Maces & Flails
  1864 | D:2      | Reached skill level 1 in Polearms
  1864 | D:2      | Reached skill level 1 in Staves
  1864 | D:2      | Reached skill level 1 in Ranged Weapons
  1864 | D:2      | Reached skill level 1 in Throwing
  1864 | D:2      | Reached skill level 1 in Armour
  1864 | D:2      | Reached skill level 1 in Dodging
  1864 | D:2      | Reached skill level 1 in Shields
  1864 | D:2      | Reached skill level 1 in Unarmed Combat
  1864 | D:2      | Reached skill level 1 in Evocations
  1957 | D:2      | Reached XP level 4. HP: 22/38 MP: 8/13
  2068 | D:2      | Learned a level 3 spell: Frozen Ramparts
  2070 | D:3      | Noticed a steam dragon
  2274 | D:2      | Reached skill level 1 in Conjurations
  2274 | D:2      | Reached skill level 1 in Hexes
  2274 | D:2      | Reached skill level 1 in Summonings
  2274 | D:2      | Reached skill level 1 in Necromancy
  2274 | D:2      | Reached skill level 1 in Translocations
  2274 | D:2      | Reached skill level 1 in Fire Magic
  2274 | D:2      | Reached skill level 1 in Air Magic
  2274 | D:2      | Reached skill level 1 in Earth Magic
  2274 | D:2      | Reached skill level 1 in Poison Magic
  2404 | D:3      | Learned a level 3 spell: Mephitic Cloud
  2442 | D:3      | Found a sacrificial altar of Ru.
  2444 | D:3      | Found a burning altar of Makhleb.
  2504 | D:3      | HP: 1/38 [steam dragon/ball of steam (12)]
  2506 | D:3      | Killed a steam dragon
  2507 | D:3      | Reached XP level 5. HP: 2/43 MP: 3/14
  2507 | D:3      | Reached XP level 6. HP: 2/50 MP: 3/16
  2836 | D:3      | Reached skill level 5 in Fighting
  2943 | D:3      | You fall into a shaft and drop 2 floors!
  2943 | D:5      | Entered Level 5 of the Dungeon
  3628 | D:5      | Found Kiriymeopy's Mass Market.
  3649 | D:5      | Found a bloodstained altar of Trog.
  4027 | D:4      | Noticed Eustachio
  4081 | D:4      | Reached XP level 7. HP: 54/56 MP: 9/18
  4097 | D:4      | Killed Eustachio
  4284 | D:4      | Reached skill level 5 in Stealth
  4612 | D:6      | Reached XP level 8. HP: 43/63 MP: 19/19
  5227 | D:6      | Noticed Menkaure
  5233 | D:6      | Killed Menkaure
  5234 | D:6      | Reached skill level 8 in Spellcasting
  5342 | D:6      | Found the +6 shillelagh "Devastator" {shatter}
  5518 | D:6      | Found a glowing silver altar of Zin.
  5632 | D:6      | Found Bumats's Weapon Shop.
  5639 | D:6      | Bought 5 boomerangs for 37 gold pieces
  5680 | D:6      | Reached skill level 5 in Transmutations
  5847 | D:6      | Reached XP level 9. HP: 65/69 MP: 21/21
  6597 | D:7      | Found a staircase to the Ecumenical Temple.
  6623 | Temple   | Entered the Ecumenical Temple
  6770 | Temple   | Became a worshipper of Ashenzari the Shackled
  7333 | D:8      | Reached skill level 5 in Invocations
  7577 | D:8      | Found a staircase to the Lair.
  7581 | D:8      | Noticed a troll
  7597 | D:8      | Killed a troll
  7679 | D:8      | Reached skill level 5 in Short Blades
  7679 | D:8      | Reached skill level 5 in Long Blades
  7679 | D:8      | Reached skill level 5 in Axes
  7679 | D:8      | Reached skill level 5 in Maces & Flails
  7679 | D:8      | Reached skill level 5 in Polearms
  7679 | D:8      | Reached skill level 5 in Staves
  7679 | D:8      | Reached skill level 5 in Ranged Weapons
  7679 | D:8      | Reached skill level 5 in Throwing
  7679 | D:8      | Reached skill level 5 in Armour
  7679 | D:8      | Reached skill level 5 in Dodging
  7679 | D:8      | Reached skill level 5 in Shields
  7679 | D:8      | Reached skill level 5 in Unarmed Combat
  7679 | D:8      | Reached skill level 5 in Evocations
  7679 | D:8      | Reached XP level 10. HP: 38/77 MP: 22/22
  8505 | D:8      | Found Zefumiump's Distillery.
  8512 | D:8      | Bought a potion of heal wounds for 60 gold pieces
  8512 | D:8      | Bought a potion of invisibility for 96 gold pieces
  8824 | D:9      | Found a staircase to the Orcish Mines.
  8830 | D:9      | Reached skill level 9 in Spellcasting
  9042 | D:9      | Noticed a two-headed ogre
  9044 | D:9      | Found a basalt altar of Yredelemnul.
  9054 | D:9      | Killed a two-headed ogre
  9055 | D:9      | Reached skill level 5 in Ice Magic
  9410 | D:9      | Found a blossoming altar of Fedhas.
  9791 | D:9      | Found a glowing golden altar of the Shining One.
  9832 | D:10     | Entered Level 10 of the Dungeon
  9979 | D:10     | Reached * piety under Ashenzari
  9979 | D:10     | Identified a scroll of acquirement
  9980 | D:10     | Acquired 755 gold pieces
  9993 | D:10     | Learned a level 4 spell: Sticky Flame
 10523 | D:10     | Reached skill level 5 in Conjurations
 10523 | D:10     | Reached skill level 5 in Hexes
 10523 | D:10     | Reached skill level 5 in Summonings
 10523 | D:10     | Reached skill level 5 in Necromancy
 10523 | D:10     | Reached skill level 5 in Translocations
 10523 | D:10     | Reached skill level 5 in Fire Magic
 10523 | D:10     | Reached skill level 5 in Air Magic
 10523 | D:10     | Reached skill level 5 in Earth Magic
 10523 | D:10     | Reached skill level 5 in Poison Magic
 10529 | D:10     | Reached XP level 11. HP: 66/85 MP: 24/24
 10657 | D:10     | Noticed a centaur warrior
 10663 | D:10     | Killed a centaur warrior
 10728 | D:10     | Noticed a green ugly thing
 10738 | D:10     | Killed a green ugly thing
 10840 | D:10     | Noticed a two-headed ogre
 11196 | D:10     | Killed a two-headed ogre
 11816 | D:11     | Found Unkaogh's Antique Weapon Shop.
 12050 | D:11     | Found a portal to a secret trove of treasure.
 12941 | D:12     | Noticed a two-headed ogre
 12948 | D:12     | Noticed a sixfirhy
 12948 | D:12     | Killed a two-headed ogre
 12949 | D:12     | Reached skill level 10 in Spellcasting
 13116 | D:12     | Noticed a green ugly thing
 13124 | D:12     | Killed a green ugly thing
 13125 | D:12     | Reached XP level 12. HP: 86/94 MP: 15/26
 13408 | D:12     | Noticed a two-headed ogre
 13412 | D:12     | Killed a two-headed ogre
 13604 | D:12     | Noticed a boulder beetle
 13638 | D:12     | Killed a boulder beetle
 13911 | D:12     | Noticed a two-headed ogre
 13920 | D:12     | Killed a two-headed ogre
 14568 | Lair:1   | Entered Level 1 of the Lair of Beasts
 14752 | Lair:1   | Reached ** piety under Ashenzari
 16746 | Lair:2   | Reached *** piety under Ashenzari
 16906 | Lair:2   | Found a runed translucent door.
 16906 | Lair:2   | Found a shimmering altar of Xom.
 16906 | Lair:2   | Noticed Etsiony's ghost (novice TrTm)
 16921 | Lair:2   | Found a staircase to the Shoals.
 16942 | Lair:2   | Reached XP level 13. HP: 101/101 MP: 27/27
 17177 | Lair:2   | Found a hole to the Spider Nest.
 17294 | Lair:2   | Reached skill level 11 in Spellcasting
 17360 | Lair:2   | Reached **** piety under Ashenzari
 17366 | Lair:2   | Gained mutation: You are covered in fur. (AC +1) [potion of
                  | mutation]
 17366 | Lair:2   | Gained mutation: You have hidden genetic potential. [potion
                  | of mutation]
 17471 | Lair:2   | Found a runed translucent door.
 18012 | Lair:2   | Noticed a minotaur
 18040 | Lair:2   | Killed a minotaur
 18427 | Lair:2   | Mangled by a +2 dire flail of chaos

Illustrated notes

Levels and vault maps discovered:
D:1:      dpeg_arrival_pond, layout_basic, minmay_rat_gold_closets
D:2:      layout_rooms, minmay_pentomino_o4
D:3:      layout_rooms, mainiacjoe_overflow_big_doors
D:4:      layout_loops_ring, hangedman_decor_diamond_cutter, uniq_eustachio
D:5:      corexii_shack_village, layout_rooms, trog_three_pillars_becter,
          minmay_shop_mass
D:6:      layout_loops_ring, zin_statuary, serial_shops, nicolae_shop_crystal,
          serial_undead, serial_undead_e, serial_undead_e, serial_undead_c,
          serial_undead_a, uniq_menkaure
D:7:      layout_cave_pools, minmay_temple_entry_statues_fountains
D:8:      layout_loops_cross, erik_lair_island, serial_co_window_serial,
          co_window_corner_a, co_window_corner_a, co_window_cross_1,
          co_window_corner_a, co_window_paths_a, co_window_corner_a,
          co_window_of_opportunity_a, co_window_corner_a, co_window_paths_a,
          co_window_corner_b, co_window_corner_b, co_window_paths_c,
          glass_columns_a, glass_columns_c, glass_columns_b, glass_columns_c,
          serial_shops, nicolae_shop_window_shopping
D:9:      layout_loops_cross, tso_altar, mainiacjoe_overflow_large_starburst,
          minmay_orc_entry_guard_dogs
D:10:     minmay_wavy_crystal, layout_loops_corners, minmay_lizard_king
D:11:     layout_loops_corners, serial_shops, nicolae_shop_stone,
          nicolae_trove_entry_columns, nrook_guardian_serpent_ordinary
D:12:     layout_roguey, grunt_ogre_cave, hive_lemuel
Temple:   nicolae_temple_superstar
Lair:1:   layout_regular_city, disabler_island, infiniplex_staircase_pool_2,
          grunt_megastairs_5, serial_bayou_shore_a
Lair:2:   dreamdust_labyrinth, layout_layer_cave, shoals_dummy_entry,
          spider_nest_entry_rubble, ebering_ghost_xom, serial_bayou_ford_a

Skill      XL: |  1  2  3  4  5  6  7  8  9 10 11 12 13 |
---------------+----------------------------------------+-----
Ice Magic      | 2 3 4 5 6 7 |  7.3
Invocations    | 1 2 3 4 5 6 7 8 9 |  9.2
Short Blades   | 1 2 3 5 6 7 8 |  8.4
Long Blades    | 1 2 3 5 6 7 8 |  8.4
Axes           | 1 2 3 5 6 7 8 |  8.4
Maces & Flails | 1 2 3 5 6 7 8 |  8.4
Polearms       | 1 2 3 5 6 7 8 |  8.4
Staves         | 1 2 3 5 6 7 8 |  8.4
Ranged Weapons | 1 2 3 5 6 7 8 |  8.4
Throwing       | 1 2 3 5 6 7 8 |  8.4
Armour         | 1 2 3 5 6 7 8 |  8.4
Dodging        | 1 2 3 5 6 7 8 |  8.4
Shields        | 1 2 3 5 6 7 8 |  8.4
Unarmed Combat | 1 2 3 5 6 7 8 |  8.4
Evocations     | 1 2 3 5 6 7 8 |  8.4
Conjurations   | 1 2 3 4 5 6 7 |  7.0
Hexes          | 1 2 3 4 5 6 7 |  7.0
Summonings     | 1 2 3 4 5 6 7 |  7.0
Necromancy     | 1 2 3 4 5 6 7 |  7.0
Translocations | 1 2 3 4 5 6 7 |  7.0
Fire Magic     | 1 2 3 4 5 6 7 |  7.0
Air Magic      | 1 2 3 4 5 6 7 |  7.0
Earth Magic    | 1 2 3 4 5 6 7 |  7.0
Poison Magic   | 1 2 3 4 5 6 7 |  7.0
Transmutations | 4 5 6 7 8 |  8.0
Fighting       | 5 6 7 8 9 |  9.6
Stealth        | 5 6 7 8 9 |  9.4
Spellcasting   | 8 9 10 11 | 11.0

Action                   |  1- 3 |  4- 6 |  7- 9 | 10-12 | 13-15 || total
-------------------------+-------+-------+-------+-------+-------++-------
Melee: Dagger            |    83 |       |       |       |       ||    83
       Bite              |     6 |    14 |    37 |    45 |     8 ||   110
       Short sword       |    20 |   153 |   141 |       |       ||   314
       Punch             |       |     4 |     4 |    20 |     3 ||    31
       Shillelagh        |       |       |    93 |   341 |    55 ||   489
Throw: Dart              |       |     2 |     7 |    61 |       ||    70
       Boomerang         |       |       |     2 |       |       ||     2
       Throwing net      |       |       |       |     1 |       ||     1
 Cast: Freeze            |    23 |     6 |     5 |       |       ||    34
       Frozen Ramparts   |       |     6 |     5 |    14 |     1 ||    26
       Ozocubu's Armour  |       |     4 |     7 |    11 |     1 ||    23
       Mephitic Cloud    |       |     2 |     4 |    12 |     5 ||    23
       Sticky Flame      |       |       |       |    26 |     7 ||    33
Invok: Curse Item        |       |       |     1 |     4 |     1 ||     6
Evoke: Wand              |       |       |     7 |       |       ||     7
       Condenser vane    |       |       |       |     1 |       ||     1
  Use: Potion            |       |       |     1 |     5 |     1 ||     7
       Scroll            |       |       |       |     1 |       ||     1
 Stab: Sleeping          |    13 |     5 |     5 |    12 |     2 ||    37
       Confused          |       |       |     3 |     9 |     3 ||    15
Armor: Robe              |     7 |       |       |       |       ||     7
       Leather armour    |    44 |    19 |       |       |       ||    63
       Steam dragon scal |       |    33 |    79 |       |       ||   112
       Acid dragon scale |       |       |    10 |   117 |    17 ||   144
Dodge: Dodged            |    87 |   109 |   172 |   242 |    47 ||   657

Table legend: (Time is in decaauts)
 A = Elapsed time spent in this place.
 B = Non-inter-level travel time spent in this place.
 C = Inter-level travel time spent in this place.
 D = Time resting spent in this place.
 E = Time spent auto-exploring this place.
 F = Levels seen in this place.
 G = Mean time per level.
                   A        B        C        D        E       F      G
               +--------+--------+--------+--------+--------+-----+--------+
         Total |  18467 |  17620 |    847 |   4818 |   9665 |  15 | 1231.1 |
       Dungeon |  14449 |  13723 |    726 |   3764 |   7546 |  12 | 1204.1 |
        Temple |    172 |    110 |     62 |      0 |     95 |   1 |  172.0 |
          Lair |   3845 |   3787 |     58 |   1054 |   2024 |   2 | 1922.5 |
               +--------+--------+--------+--------+--------+-----+--------+

Top non-repeatable levels by time:
  Lair:1: 1998 daAuts
  Lair:2: 1847 daAuts
    D:10: 1784 daAuts
     D:8: 1723 daAuts
    D:12: 1600 daAuts
     D:1: 1365 daAuts
    D:11: 1357 daAuts
     D:2: 1184 daAuts
     D:5: 1065 daAuts
     D:9: 1028 daAuts
     D:7: 941 daAuts
     D:6: 926 daAuts
     D:4: 760 daAuts
     D:3: 712 daAuts
  Temple: 172 daAuts
